 Dungeon Sprint DCSS version 0.29.1-13-g9f3cf754e1 (webtiles) character file.

Game seed: 12623566602195133515

1150 sircluck the Grappler (level 8, -2/87 HPs)
             Began as a Troll Fighter on Jan 25, 2023.
             Slain by a skeletal warrior
             ... wielding a +0 halberd
              (10 damage)
             ... in the Dungeon (Sprint IX: "|||||||||||||||||||||||||||||").
             The game lasted 00:06:33 (216 turns).

sircluck the Grappler (Troll Fighter)                Turns: 216, Time: 00:06:33

Health: -2/87      AC:  5    Str: 27    XL:     8   Next: 15%
Magic:  7/7        EV: 11    Int:  7    God:
Gold:   0          SH: 10    Dex: 12    Spells: 7/7 levels left

rFire   . . .      SeeInvis .     - Unarmed
rCold   . . .      Faith    .   b - +0 kite shield
rNeg    . . .      Spirit   .   a - +0 robe
rPois   .          Reflect  .   (helmet restricted)
rElec   .          Harm     .   t - +0 cloak
rCorr   .          Rampage  .   (gloves unavailable)
Will    .....      NoTele   +   (boots unavailable)
Stlth   +.........              (no amulet)
HPRegen 1.04/turn               v - +3 ring of intelligence
MPRegen 0.10/turn               w - +3 ring of dexterity

@: on berserk cooldown
A: large, unfitting armour, claws 3, regeneration 1, shaggy fur 1, tough skin 1
a: no special abilities


You were in the Dungeon.
You visited 1 branch

Inventory:

Hand Weapons
 f - a +0 mace
 j - a +0 club
 k - a +0 dagger
 n - a +1 vorpal broad axe
 o - a +2 halberd of venom
 p - a +2 morningstar of freezing
 q - a +2 rapier of draining
 r - a +2 scimitar of holy wrath
Armour
 a - a +0 robe (worn)
 b - a +0 kite shield (worn)
 h - +0 acid dragon scales
 s - a +0 pair of gloves
 t - a +0 cloak (worn)
 u - a +0 plate armour
Jewellery
 v - a +3 ring of intelligence (left claw)
 w - a +3 ring of dexterity (right claw)
Wands
 m - a wand of light (1)
Scrolls
 i - 2 scrolls of amnesia
Potions
 c - a potion of invisibility
 d - a potion of heal wounds
 g - 4 potions of magic


   Skills:
 + Level 7.5 Fighting
 + Level 8.3 Dodging
 + Level 0.6 Stealth
 + Level 8.4 Shields
 + Level 9.4 Unarmed Combat
 + Level 1.6 Evocations


You had 7 spell levels left.
You didn't know any spells.
Your spell library was empty.

Dungeon Overview and Level Annotations

Branches:
Dungeon (1/1)

Altars:
Cheibriados
Dithmenos
Elyvilon
Fedhas
Gozag
Hepliaklqana
Kikubaaqudgha
Makhleb
Nemelex Xobeh
Okawaru
Qazlal
Ru
Sif Muna
Trog
Uskayaw
Vehumet
Wu Jian
Xom
Yredelemnul
Zin
The Shining One
Jiyva
Lugonu


Innate Abilities, Weirdness & Mutations

You are too large for most types of armour.
You have claws for hands.
Your natural rate of healing is unusually fast.
You are covered in fur. (AC +1)
You have tough skin. (AC +1)


Message History

The skeletal warrior hits you from afar with a +0 halberd!!
* * * LOW HITPOINT WARNING * * *
You block the boulder beetle's attack.
You feel much better.
The skeletal warrior hits you from afar with a +0 halberd!!
* * * LOW HITPOINT WARNING * * *
You block the boulder beetle's attack.
You feel better.
The boulder beetle is no longer blind.
The boulder beetle bites you.
* * * LOW HITPOINT WARNING * * *
The skeletal warrior closely misses you.
Aiming: Bolt of Light
Press: ? - help, Q - select action Shift-Dir - straight line, f/p - boulder beetle
Aim: a boulder beetle (lightly wounded, 100% to hit)
The bolt of light hits the skeletal warrior!
The skeletal warrior is severely damaged.
The bolt of light hits the salamander!
The salamander is heavily wounded.
The bolt of light hits the boulder beetle.
The boulder beetle is lightly wounded.
The boulder beetle is blinded.
The boulder beetle bites you but does no damage.
The skeletal warrior hits you from afar with a +0 halberd!
* * * LOW HITPOINT WARNING * * *
Aiming: Bolt of Light
Press: ? - help, Q - select action Shift-Dir - straight line, f/p - boulder beetle
Aim: a boulder beetle (lightly wounded, blind, 100% to hit)
The bolt of light hits the skeletal warrior.
The skeletal warrior is severely damaged.
The bolt of light hits the salamander!
The salamander is severely wounded.
The bolt of light hits the boulder beetle but does no damage.
The boulder beetle is lightly wounded.
The boulder beetle closely misses you.
The skeletal warrior hits you from afar with a +0 halberd.
* * * LOW HITPOINT WARNING * * *
You feel better. The boulder beetle bites you!
* * * LOW HITPOINT WARNING * * *
The skeletal warrior hits you from afar with a +0 halberd!
You die...

▓.▓
▓.▓
▓.▓
▓.▓
▓B▓
▓N▓
▓z▓
▓)▓
▓@▓
▓B▓
▓B▓
▓.▓
▓.▓
▓'▓
▓†▓
▓)▓
▓.▓


You could see 3 boulder beetles, a skeletal warrior (blind) and a salamander
(blind).

Vanquished Creatures
  2 gargoyles (D)
  A wyvern (D)
  A vampire mosquito (D)
  2 acid dragons (D)
  A gnoll bouda (D)
  An iguana (D)
  2 orc wizards (D)
  An orc (D)
  A giant cockroach (D)
  A hobgoblin (D)
  A quokka (D)
  A bat (D)
  2 goblins (D)
17 creatures vanquished.

Notes
Turn   | Place    | Note
-------+----------+-------------------------------------------
     0 | D        | sircluck the Troll Fighter began the quest for the Orb.
     0 | D        | Reached XP level 1. HP: 22/22 MP: 0/0
    25 | D        | Noticed an orc wizard
    25 | D        | Noticed a gnoll bouda
    25 | D        | Noticed an iguana
    36 | D        | Reached XP level 2. HP: 23/31 MP: 1/1
    46 | D        | Reached skill level 3 in Unarmed Combat
    46 | D        | Reached XP level 3. HP: 20/37 MP: 2/2
    66 | D        | Reached skill level 4 in Unarmed Combat
    66 | D        | Reached XP level 4. HP: 26/48 MP: 3/3
    75 | D        | Found a snail-covered altar of Cheibriados.
    75 | D        | Found a shadowy altar of Dithmenos.
    75 | D        | Found a white marble altar of Elyvilon.
    75 | D        | Found a blossoming altar of Fedhas.
    75 | D        | Found an opulent altar of Gozag.
    76 | D        | Found a hazy altar of Hepliaklqana.
    77 | D        | Found a viscous altar of Jiyva.
    78 | D        | Found an ancient bone altar of Kikubaaqudgha.
    79 | D        | Found a corrupted altar of Lugonu.
    80 | D        | Found a burning altar of Makhleb.
    81 | D        | Found a sparkling altar of Nemelex Xobeh.
    82 | D        | Found an iron altar of Okawaru.
    83 | D        | Found a stormy altar of Qazlal.
    84 | D        | Found a sacrificial altar of Ru.
    85 | D        | Found a shimmering blue altar of Sif Muna.
    86 | D        | Found a bloodstained altar of Trog.
    87 | D        | Found a hide-covered altar of Uskayaw.
    88 | D        | Found a radiant altar of Vehumet.
    89 | D        | Found an ornate altar of the Wu Jian Council.
    90 | D        | Found a shimmering altar of Xom.
    91 | D        | Found a basalt altar of Yredelemnul.
    92 | D        | Found a glowing silver altar of Zin.
    93 | D        | Found a glowing golden altar of the Shining One.
   158 | D        | Noticed a wyvern
   158 | D        | Noticed an acid dragon
   158 | D        | Noticed a gargoyle
   158 | D        | Noticed an acid dragon
   158 | D        | Noticed a vampire mosquito
   175 | D        | Killed a vampire mosquito
   175 | D        | Killed an acid dragon
   176 | D        | Reached skill level 6 in Unarmed Combat
   176 | D        | Reached XP level 5. HP: 48/59 MP: 4/4
   176 | D        | Reached XP level 6. HP: 55/67 MP: 5/5
   178 | D        | Killed an acid dragon
   179 | D        | Reached skill level 7 in Unarmed Combat
   182 | D        | Killed a gargoyle
   183 | D        | Reached skill level 8 in Unarmed Combat
   183 | D        | Reached skill level 1 in Evocations
   183 | D        | Reached XP level 7. HP: 55/78 MP: 6/6
   183 | D        | Killed a wyvern
   198 | D        | Noticed a boulder beetle
   198 | D        | Noticed a boulder beetle
   198 | D        | Noticed a salamander
   198 | D        | Noticed a skeletal warrior
   198 | D        | Noticed a gargoyle
   198 | D        | Noticed a boulder beetle
   209 | D        | Killed a gargoyle
   210 | D        | Reached skill level 9 in Unarmed Combat
   210 | D        | Reached XP level 8. HP: 43/87 MP: 7/7
   216 | D        | Slain by a skeletal warrior

Illustrated notes

Levels and vault maps discovered:
D:        linesprint [early_d, line_temple, items_1, d_10, items_2, lair_1,
          lair_end, items_3, orc_1, orc_end, items_4, d_15, swamp_1, shoals_1,
          snake_1, spider_1, d_20, vaults_1, items_5, swamp_end, shoals_end,
          snake_end, spider_end, vaults_end, d_27, items_6, zot_1, zot_end,
          crypt_end, forest_end, elf_end, slime_end, tomb_end, abyss_end,
          pan_hell_end]

Skill      XL: |  1  2  3  4  5  6  7 |
---------------+----------------------+-----
Shields        | 3 4 6 7 8 |  8.4
Fighting       | 3 4 6 7 |  7.5
Dodging        | 3 4 6 7 8 |  8.3
Unarmed Combat | 3 4 6 8 9 |  9.4
Evocations     | 1 |  1.6
Stealth        | |  0.6

Action                   |  1- 3 |  4- 6 |  7- 9 || total
-------------------------+-------+-------+-------++-------
Melee: Unarmed           |    44 |    14 |     8 ||    66
Evoke: Wand              |       |     4 |     5 ||     9
  Use: Potion            |     3 |     4 |     3 ||    10
       Scroll            |     1 |     1 |       ||     2
 Stab: Invisible         |       |     1 |       ||     1
Armor: Robe              |     9 |     1 |     2 ||    12
Dodge: Dodged            |     5 |    11 |     5 ||    21
Block: Kite shield       |    12 |     7 |    14 ||    33
